 Dungeon Crawl Stone Soup version 0.15.0-12-gccce430 (webtiles) character file.

61 MDvedh the Chopper (level 3, 0/46 HPs)
             Began as a Minotaur Berserker on Sept 1, 2014.
             Was a Believer of Trog.
             Slain by an orc warrior
             ... wielding a +2 long sword of slicing
              (1 damage)
             ... on Level 3 of the Dungeon.
             The game lasted 00:02:52 (1889 turns).

MDvedh the Chopper (Minotaur Berserker)             Turns: 1889, Time: 00:02:52

HP   0/46        AC 11     Str 31      XL: 3   Next: 83%
MP   2/2         EV  7     Int  4      God: Trog [**....]
Gold 157         SH  0     Dex  9      Spells:  0 memorised,  2 levels left

rFire  . . .     SeeInvis .     a - +0 hand axe
rCold  . . .     Clarity  .     h - +0 plate armour
rNeg   . . .     rCorr    .     (no shield)
rPois  .         rRot     .     (helmet restricted)
rElec  .         Spirit   .     (no cloak)
SustAb .         Warding  .     (no gloves)
rMut   .         Stasis   .     (no boots)
Gourm  .                        (no amulet)
MR     .....                    b - +4 ring of strength
                                d - ring of stealth

@: berserking, very quick, not resistant to hostile enchantments, extremely
unstealthy
A: retaliatory headbutt, horns 2
a: Burn Spellbooks, Berserk, Trog's Hand, Renounce Religion


You were on level 3 of the Dungeon.
You worshipped Trog.
Trog was pleased with you.
You were not hungry.

You visited 1 branch of the dungeon, and saw 3 of its levels.

You collected 157 gold pieces.

Inventory:

Hand weapons
 a - a +0 hand axe (weapon)
Armour
 h - a +0 plate armour (worn)
Comestibles
 c - a bread ration
 f - a slice of pizza
 k - 3 fruits
 n - a beef jerky
 q - a meat ration
Scrolls
 e - 3 scrolls of enchant weapon {unknown}
 g - 2 scrolls of magic mapping {unknown}
 i - 2 scrolls of identify {unknown}
 o - a scroll of amnesia {unknown}
 p - 3 scrolls of teleportation {unknown}
 s - 2 scrolls of remove curse {unknown}
 t - a scroll of noise {unknown}
 u - a scroll of immolation {unknown}
Jewellery
 b - a +4 ring of strength (right hand)
 d - a ring of stealth (left hand)
Potions
 j - a potion of restore abilities {unknown}
 l - a potion of lignification {unknown}
 m - 2 potions of agility {unknown}
 r - a potion of curing {unknown}


   Skills:
 - Level 3.6 Fighting
 + Level 5.8 Axes
 - Level 2.4 Armour
 - Level 2.1 Dodging


You had 2 spell levels left.
You didn't know any spells.

Dungeon Overview and Level Annotations

Branches:
Dungeon (3/15)

Altars:
Okawaru
The Shining One


Innate Abilities, Weirdness & Mutations

You reflexively headbutt those who attack you in melee.
You have a pair of horns on your head.


Message History

You hit the orc warrior but do no damage.
You headbutt the orc warrior.
The orc warrior is lightly wounded.
The orc warrior barely misses you. You furiously retaliate!
You headbutt the orc warrior, but do no damage.
You closely miss the orc warrior. Your headbutt misses the orc warrior.
The orc warrior is lightly wounded.
The orc hits you but does no damage.
You hit the orc warrior. Your headbutt misses the orc warrior.
The orc warrior is moderately wounded.
The orc warrior hits you with a glowing long sword!
* * * LOW HITPOINT WARNING * * *
x2 You are too injured to fight recklessly!
You are too injured to fight recklessly!
You barely miss the orc warrior. Your headbutt misses the orc warrior.
The orc warrior is moderately wounded.
The orc hits you but does no damage.
The orc warrior hits you with a glowing long sword!
* * * LOW HITPOINT WARNING * * *
You die...

#.. ..# #.# #.# #.# #.#
#.#### #.# #.. ..##.###
####### #..
#.#.#.####..... #.#
#.....#..... #####.#
#.....).#.### ...##.##
##..)..@.....# #
.......###.###.##o#.#.##.#
...####...## #.##o#......#
#.## ##### #.##.###.##.#
#.# #+##........# #.#
#####.#### #.# ## #.....#
#.##.## #.)$....#
#.#...#### ...........#


You could see an orc warrior and an orc.

Vanquished Creatures
  A worm (D:2)
  3 giant geckos
  3 orcs (D:3)
  2 ball pythons
  2 bats (D:3)
  3 giant cockroaches
  10 hobgoblins
  2 quokkas (D:3)
  3 giant newts
  5 goblins
  6 kobolds
  3 rats
43 creatures vanquished.

Notes
Turn   | Place    | Note
--------------------------------------------------------------
     0 | D:1      | MDvedh, the Minotaur Berserker, began the quest for the Orb.
     0 | D:1      | Reached XP level 1. HP: 19/19 MP: 1/1
   414 | D:1      | Reached skill level 4 in Axes
   456 | D:1      | Reached XP level 2. HP: 26/26 MP: 1/1
   836 | D:2      | Acquired Trog's second power
  1030 | D:2      | Reached skill level 5 in Axes
  1096 | D:2      | Reached XP level 3. HP: 26/31 MP: 2/2
  1168 | D:2      | Found an iron altar of Okawaru.
  1176 | D:2      | Found a glowing golden altar of the Shining One.
  1872 | D:3      | Noticed an orc warrior
  1889 | D:3      | HP: 1/46 [orc warrior/glowing long sword (7)]
  1889 | D:3      | Slain by an orc warrior

Action                   || total
-------------------------++-------
Melee: Hand axe          ||    95
Invok: Berserk           ||     1
  Eat: Chunk             ||     3
